Match 42544362
Unlisted

Match 42544362
End
Selects Italian Infantry
Panzergrenadier Squad
250 Light Carrier
250 Light Carrier
Construct Light Support Kompanie
Combat Half-tracks
Panzerjäger Squad
MG34 Team
Selects Defensive Operations
2.5-tonne Medical Truck
Forward Retreat Point
Construct Mechanized Kompanie
Kradschützen Motorcycle Team
Construct Panzerarmee Kommand
Selects Prepared Positions
Armored Reserves
2.5-tonne Medical Truck
Selects Obice 305mm Barrage
Obice 305mm Barrage
2.5-tonne Medical Truck
MG34 Team
MG34 Team
Selects Guastatori Squad
Selects Registered Artillery
MG34 Team
Obice 305mm Barrage
VBme
Choo Choo Train
jerrycheese
OOR | SWO Fail
Yak.L
HelloFriends :D
wila
LittleFatty233
0
0

Comments sign in to comment!

No comments posted yet!